AoeStats
← JohnLemond

Arena

509693301Analyzed
1v1 RM · 4d ago on Sep 27, 2026· 64m 45s· 2 players
Game mode
Random Map
Map size
Tiny (2 player)
Population
200
Speed
Normal
Resources
Standard
Victory
Conquest
Starting age
Dark Age
Ending age
Imperial Age
RankedLock teamsTeams togetherTeam positionsShared explorationLock speedFull tech treeHidden civsTurbo modeCheats
Victory
Defeat
🇪🇸 Aztecs · Spain
1111
+16
🇺🇸 Italians · United States
1113
-16
Luijki
0:38 Loom
12:08 Feudal Age
13:08 Horse Collar
16:40 Castle Age
15:10 Gold Mining
15:18 Double-Bit Axe
16:12 Scale Mail Armor
17:38 Forging
17:43 Squires
20:02 Bow Saw
19:56 Heavy Plow
20:45 Town Watch
21:46 Gold Shaft Mining
22:22 Iron Casting
22:22 Stone Mining
23:11 Chain Mail Armor
24:31 Stone Shaft Mining
24:54 Wheelbarrow
29:50 Imperial Age
27:50 Eagle Warrior
29:56 Hand Cart
31:01 Plate Mail Armor
31:33 Blast Furnace
30:36 Fletching
32:00 Chemistry
31:57 Conscription
31:42 Elite Eagle Warrior
33:08 Ballistics
36:10 Garland Wars
36:21 Arson
37:33 Crop Rotation
38:39 Bodkin Arrow
39:33 Bracer
39:43 Siege Engineers
39:19 Treadmill Crane
41:09 Atlatl
41:11 Padded Archer Armor
43:08 Leather Archer Armor
42:25 Elite Skirmisher
42:33 Elite Jaguar Warrior
43:12 Murder Holes
50:12 Pikeman
JohnLemond
8:25 Loom
10:14 Feudal Age
12:59 Double-Bit Axe
15:19 Castle Age
18:31 Horse Collar
22:22 Gold Mining
23:25 Fletching
24:26 Crossbowman
26:05 Padded Archer Armor
27:30 Thumb Ring
28:32 Ballistics
28:54 Bodkin Arrow
29:57 Leather Archer Armor
30:38 Bow Saw
30:05 Pikeman
32:12 Wheelbarrow
35:33 Imperial Age
35:35 Bloodlines
34:47 Light Cavalry
36:28 Bracer
37:47 Chemistry
37:41 Ring Archer Armor
36:50 Arbalester
38:22 Conscription
43:21 Scale Barding Armor
43:27 Forging
44:09 Hussar
45:19 Chain Barding Armor
45:34 Iron Casting
46:59 Plate Barding Armor
48:06 Masonry
50:17 Architecture
52:57 Blast Furnace
58:01 Heavy Plow
Connection lost

Rejoining the realm…

Still unreachable

The connection could not be restored.

Session expired

The server has moved on; the page needs a fresh start.